 Dungeon Crawl Stone Soup version 0.20.0-8-g6b59dc7 (webtiles) character file.

1180 Locuples the Chopper (level 8, -7/60 HPs)
             Began as a Demonspawn Gladiator on June 1, 2017.
             Was an Initiate of Trog.
             Killed by divine providence
             ... invoked by an orc priest
              (13 damage)
             ... on level 5 of the Dungeon.
             The game lasted 00:15:23 (4277 turns).

Locuples the Chopper (Demonspawn Gladiator)         Turns: 4277, Time: 00:15:23

Health: -7/60      AC: 11    Str: 17    XL:     8   Next: 18%
Magic:  8/8        EV: 13    Int: 10    God:    Trog [......]
Gold:   105        SH:  0    Dex: 14    Spells: 7/7 levels left

rFire    + . .     SeeInvis .   a - +0 war axe
rCold    . . .     Gourm    .   (no shield)
rNeg     . . .     Faith    .   h - +2 ring mail {rF+}
rPois    .         Spirit   .   c - +0 helmet
rElec    .         Reflect  .   (no cloak)
rCorr    .         Harm     .   p - +0 pair of gloves
MR       +....                  e - +0 pair of boots
Stlth    +.........             (no amulet)
Regen    0.2/turn               k - ring of flight
MPRegen  0.2/turn               o - ring of protection from magic

@: no status effects
A: claws 2, powered by pain 1
a: Burn Spellbooks, Renounce Religion, Evoke Flight


You were on level 5 of the Dungeon.
You worshipped Trog.
Trog was noncommittal.
You were not hungry.

You visited 2 branches of the dungeon, and saw 6 of its levels.

You collected 201 gold pieces.
You spent 96 gold pieces at shops.

Inventory:

Hand Weapons
 a - a +0 war axe (weapon)
Armour
 c - a +0 helmet (worn)
 e - a +0 pair of boots (worn)
 h - a +2 ring mail of fire resistance (worn)
 p - a +0 pair of gloves (worn)
Jewellery
 k - a ring of flight (left hand)
 o - a ring of protection from magic (right hand)
Scrolls
 b - 4 scrolls of remove curse
 d - a scroll of blinking
 l - a scroll of enchant weapon {unknown}
 n - a scroll of identify
 s - a scroll of random uselessness {unknown}
Potions
 g - 2 potions of might {unknown}
 i - 2 potions of brilliance
 j - a potion of curing
Comestibles
 f - a bread ration
 q - a meat ration
 r - 2 royal jellies


   Skills:
 + Level 4.3 Fighting
 + Level 7.1 Axes
 - Level 1.7 Throwing
 + Level 3.2 Armour
 + Level 4.2 Dodging


You had 7 spell levels left.
You didn't know any spells.

Dungeon Overview and Level Annotations

Branches:
Dungeon (5/15)             Temple (1/1) D:4

Altars:
Ashenzari
Cheibriados
Dithmenos
Elyvilon
Fedhas
Gozag
Hepliaklqana
Kikubaaqudgha
Makhleb
Nemelex Xobeh
Okawaru
Qazlal
Ru
Sif Muna
Trog
Uskayaw
Xom
Zin
The Shining One

Shops:
D:4 ?   D:5 }


Innate Abilities, Weirdness & Mutations

You have very sharp fingernails.
You sometimes gain a little power by taking damage.


Message History

You destroy the bullfrog skeleton!
Trog accepts your kill.
You barely miss the jackal. The jackal misses you. The orc priest misses you.
You closely miss the orc priest.
The orc priest is heavily wounded.
You miss the jackal. The jackal barely misses you.
The orc priest barely misses you. The jackal bites you.
* * * LOW HITPOINT WARNING * * *
Unknown command.
You barely miss the orc priest.
The orc priest is heavily wounded.
You closely miss the jackal. You hit the jackal but do no damage.
The jackal closely misses you. The jackal barely misses you.
The orc priest invokes the aid of Beogh against you.
Pain shoots through your body!
* * * LOW HITPOINT WARNING * * *
The jackal barely misses you.
The orc priest invokes the aid of Beogh against you.
Beogh smites you!
You die...

..........##..........
#####.###########...#
#................#
##..###...........#
#..............####
#....<.(.......#
#......)...∩...#
#......#######.# #
#......#######@##.#
#.............hho.#
#..............†.......
#.....%....)!....######
#... ......##### ......
...... ...... ...


You could see an orc priest and 2 jackals.

Vanquished Creatures
  The ghost of Yermak the Poker, a novice TeWr of the Shining One (D:4)
  Grinder (D:3)
  Sigmund (D:2)
  A phantom (D:4)
  The ghost of kolansburg the Cudgeler, a weakling GrGl (D:3)
  An orc wizard (D:3)
  3 orc priests
  A bullfrog skeleton (D:5)
  A jelly (D:5)
  2 centaur skeletons (D:4)
  Jessica (D:2)
  Natasha (twice) (D:2)
  2 worker ant zombies (D:4)
  3 adders (D:3)
  An ooze (D:1)
  An adder skeleton (D:4)
  4 worms
  4 dart slugs
  2 leopard geckos (D:3)
  6 orcs
  10 bats
  5 giant cockroaches
  5 goblins
  6 hobgoblins
  8 jackals
  4 quokkas
  7 frilled lizards
  A giant cockroach zombie (D:4)
  A jackal zombie (D:4)
  9 kobolds
  5 rats
100 creatures vanquished.

Notes
Turn   | Place    | Note
-------+----------+-------------------------------------------
     0 | D:1      | Locuples the Demonspawn Gladiator began the quest for the Orb.
     0 | D:1      | Reached XP level 1. HP: 16/16 MP: 1/1
   179 | D:1      | Reached skill level 3 in Axes
   279 | D:1      | Gained mutation: You sometimes gain a little power by taking damage. [demonic ancestry]
   279 | D:1      | Reached XP level 2. HP: 8/22 MP: 2/2
   835 | D:2      | Gained mutation: You have sharp fingernails. [demonic ancestry]
   835 | D:2      | Reached XP level 3. HP: 27/27 MP: 3/3
  1123 | D:2      | Found a stormy altar of Qazlal.
  1123 | D:2      | Found an opulent altar of Gozag.
  1124 | D:2      | Found a shattered altar of Ashenzari.
  1169 | D:2      | Noticed Jessica
  1174 | D:2      | Killed Jessica
  1210 | D:2      | Reached XP level 4. HP: 31/34 MP: 4/4
  1593 | D:2      | Noticed Sigmund
  1596 | D:2      | Noticed Natasha
  1602 | D:2      | Killed Sigmund
  1602 | D:2      | Reached skill level 4 in Axes
  1602 | D:2      | Reached skill level 1 in Armour
  1602 | D:2      | Gained mutation: You have very sharp fingernails. [demonic ancestry]
  1602 | D:2      | Reached XP level 5. HP: 40/41 MP: 5/5
  1618 | D:2      | Killed Natasha
  1707 | D:2      | Noticed Natasha
  1716 | D:2      | Killed Natasha
  1716 | D:2      | Reached XP level 6. HP: 37/47 MP: 6/6
  1890 | D:3      | Noticed kolansburg's ghost (weakling GrGl)
  1892 | D:3      | Noticed Grinder
  1892 | D:3      | Paralysed by Grinder for 2 turns
  1911 | D:3      | Killed kolansburg's ghost
  1911 | D:3      | Reached skill level 5 in Axes
  1923 | D:3      | Paralysed by Grinder for 6 turns
  1930 | D:3      | HP: 2/47 [Grinder (1)]
  1931 | D:3      | Paralysed by Grinder for 3 turns
  1939 | D:3      | Paralysed by Grinder for 6 turns
  1951 | D:3      | Paralysed by Grinder for 6 turns
  1961 | D:3      | Killed Grinder
  2258 | D:3      | Reached XP level 7. HP: 47/52 MP: 7/7
  3148 | D:4      | Found Faepleeh's Magic Scroll Boutique.
  3150 | D:4      | Bought a scroll of remove curse for 36 gold pieces
  3150 | D:4      | Bought a scroll of identify for 24 gold pieces
  3150 | D:4      | Bought a scroll of remove curse for 36 gold pieces
  3215 | D:4      | Noticed Yermak's ghost (novice TeWr)
  3276 | D:4      | Reached skill level 6 in Axes
  3291 | D:4      | Killed Yermak's ghost
  3495 | D:4      | Found a staircase to the Ecumenical Temple.
  3504 | Temple   | Entered the Ecumenical Temple
  3600 | Temple   | Became a worshipper of Trog the Wrathful
  3803 | D:4      | Reached XP level 8. HP: 53/60 MP: 8/8
  4183 | D:5      | Entered Level 5 of the Dungeon
  4230 | D:5      | Found Ryum's Gadget Emporium.
  4246 | D:5      | Reached skill level 7 in Axes
  4277 | D:5      | Killed from afar by an orc priest

Skill      XL: |  1  2  3  4  5  6  7  8 |
---------------+-------------------------+-----
Axes           | 3 4 5 6 7 |  7.1
Dodging        | 3 4 |  4.2
Fighting       | 3 4 |  4.3
Armour         | 1 2 3 |  3.2
Throwing       | |  1.7

Action                   |  1- 3 |  4- 6 |  7- 9 || total
-------------------------+-------+-------+-------++-------
Melee: War axe           |    67 |   107 |   197 ||   371
  Use: Potion            |       |     4 |     2 ||     6
       Scroll            |       |       |     3 ||     3
  Eat: Chunk             |       |     4 |     3 ||     7
       Fruit             |       |       |     1 ||     1
       Bread ration      |       |       |     1 ||     1
Armor: Ring mail         |    31 |    69 |    85 ||   185
       Skin              |       |    10 |       ||    10
Dodge: Dodged            |    46 |    85 |   123 ||   254
